 Dungeon Crawl Stone Soup version 0.19-a0-1821-g42c593c (webtiles) character file.

1108 kae the Carver (level 8, -2/61 HPs)
             Began as a Formicid Fighter on Oct 6, 2016.
             Slain by a slime creature (14 damage)
             ... on level 6 of the Dungeon.
             The game lasted 00:05:37 (5234 turns).

kae the Carver (Formicid Fighter)                   Turns: 5234, Time: 00:05:38

Health: -2/61      AC:  8    Str: 24    XL:     8   Next: 59%
Magic:  0/8        EV: 14    Int:  7    God:
Gold:   241        SH: 10    Dex: 10    Spells: 0 memorised, 7 levels left

rFire  x . .     SeeInvis +     a - +0 long sword
rCold  + . .     Gourm    .     b - +0 scale mail
rNeg   . . .     Faith    .     c - +0 shield
rPois  .         Spirit   +     (helmet unavailable)
rElec  .         Dismiss  .     (no cloak)
rCorr  .         Reflect  .     w - +0 pair of gloves
MR     .....     Harm     .     (no boots)
Stlth  ..........               x - amulet of guardian spirit
                                B - ring of ice
                                n - +5 ring of evasion

@: no status effects
A: permanent stasis, dig shafts and tunnels, four strong arms, antennae 3
a: Dig, Shaft Self


You were on level 6 of the Dungeon.
You were not hungry.

You visited 2 branches of the dungeon, and saw 7 of its levels.

You collected 241 gold pieces.

Inventory:

Hand Weapons
 a - a +0 long sword (weapon)
Armour
 b - a +0 scale mail (worn)
 c - a +0 shield (worn)
 w - a +0 pair of gloves (worn)
Jewellery
 n - a +5 ring of evasion (left hand)
 x - an amulet of guardian spirit (around neck)
 B - a ring of ice (right hand)
Wands
 C - a wand of lightning (15/15)
Scrolls
 g - 2 scrolls of amnesia
 h - 2 scrolls of identify
 k - a scroll of recharging
 y - a scroll of enchant armour {unknown}
 z - a scroll of random uselessness {unknown}
Potions
 d - a potion of might
 i - a potion of flight {unknown}
 j - a potion of haste {unknown}
 l - a potion of lignification {unknown}
 m - 2 potions of resistance
 o - a potion of mutation {unknown}
 p - a potion of magic {unknown}
 q - a potion of invisibility {unknown}
 t - 2 potions of degeneration {unknown}
 u - a potion of agility {unknown}
 v - a potion of cure mutation {unknown}
 D - 4 potions of curing {unknown}
Comestibles
 f - 3 bread rations
 r - 2 meat rations
 s - 2 slices of pizza
 A - 3 fruits
 E - 5 chunks of flesh


   Skills:
 + Level 4.7 Fighting
 * Level 8.0 Long Blades
 - Level 3.2 Armour
 + Level 1.6 Dodging
 + Level 1.1 Stealth
 + Level 5.8 Shields


You had 7 spell levels left.
You didn't know any spells.

Dungeon Overview and Level Annotations

Branches:
Dungeon (6/15)             Temple (1/1) D:5

Altars:
Cheibriados
Dithmenos
Gozag
Hepliaklqana
Kikubaaqudgha
Makhleb
Nemelex Xobeh
Qazlal
Ru
Sif Muna
Trog
Uskayaw
Xom
Zin
The Shining One
Lugonu


Innate Abilities, Weirdness & Mutations

You are under a permanent stasis effect.
You can dig through walls and to a lower floor.
Your four strong arms can wield two-handed weapons with a shield.
You have a pair of large antennae on your head. (SInv)


Message History

The slime creature is almost dead.
The slime creature completely misses you.
You completely miss the slime creature.
The slime creature is severely wounded.
You feel sick.
You are no longer poisoned.
The slime creature closely misses you.
You riposte.
Your shield and scale mail prevent you from hitting the slime creature.
The slime creature is severely wounded.
You hit the slime creature.
The slime creature is almost dead.
The slime creature hits you!
* * * LOW HITPOINT WARNING * * *
You hit the slime creature but do no damage.
The slime creature is severely wounded.
The slime creature closely misses you.
You slash the slime creature!
The slime creature is almost dead.
The slime creature hits you!
You die...

#######################
.......................
...............@J.#
........###.......#
##......# ###.....#
##.....## ##.....#
###....# ###...#
##...## #...# ##...##
#..# ##...# #.. ##..##


You could see a slime creature.

Vanquished Creatures
  A water moccasin (D:6)
  A phantom (D:5)
  3 ogres
  A bullfrog (D:6)
  2 crimson imps (D:5)
  3 jellies
  3 orc priests
  A bullfrog skeleton (D:4)
  An iguana (D:4)
  2 orc wizards
  2 worker ants (D:4)
  4 gnolls (D:4)
  5 adders
  An ooze (D:2)
  A worm (D:4)
  2 dart slugs
  4 leopard geckos
  16 orcs
  5 bats
  6 giant cockroaches
  13 goblins
  8 hobgoblins
  2 jackals (D:4)
  3 kobolds
  4 quokkas
  A ball python (D:4)
  7 frilled lizards
  5 rats
107 creatures vanquished.

Notes
Turn   | Place    | Note
-------+----------+-------------------------------------------
     0 | D:1      | kae the Formicid Fighter began the quest for the Orb.
     0 | D:1      | Reached XP level 1. HP: 18/18 MP: 1/1
   169 | D:1      | Reached XP level 2. HP: 24/24 MP: 2/2
   923 | D:2      | Reached XP level 3. HP: 28/30 MP: 3/3
  1382 | D:2      | Reached skill level 3 in Long Blades
  1382 | D:2      | Reached XP level 4. HP: 34/37 MP: 4/4
  1814 | D:3      | Reached XP level 5. HP: 10/42 MP: 5/5
  2308 | D:3      | Reached skill level 4 in Long Blades
  2985 | D:4      | Found a stormy altar of Qazlal.
  3293 | D:4      | Reached XP level 6. HP: 43/48 MP: 6/6
  3437 | D:4      | Reached skill level 1 in Stealth
  3563 | D:4      | Reached skill level 5 in Long Blades
  3564 | D:4      | Reached skill level 1 in Dodging
  3778 | D:4      | Reached XP level 7. HP: 53/55 MP: 7/7
  3905 | D:4      | Reached skill level 6 in Long Blades
  4274 | D:5      | Entered Level 5 of the Dungeon
  4291 | D:5      | Reached skill level 5 in Shields
  4573 | D:5      | Found a staircase to the Ecumenical Temple.
  4605 | Temple   | Entered the Ecumenical Temple
  4897 | D:5      | Reached XP level 8. HP: 51/61 MP: 5/8
  5001 | D:5      | Reached skill level 7 in Long Blades
  5011 | D:5      | Found a glowing golden altar of the Shining One.
  5013 | D:5      | Found a shadowy altar of Dithmenos.
  5013 | D:5      | Found a shimmering altar of Xom.
  5014 | D:5      | Found a burning altar of Makhleb.
  5141 | D:6      | Found a deep blue altar of Sif Muna.
  5204 | D:6      | Reached skill level 8 in Long Blades
  5218 | D:6      | Noticed a slime creature
  5227 | D:6      | HP: 3/61 [slime creature (14)]
  5234 | D:6      | Slain by a slime creature

Vault maps used:
D:1:      matt_arrival_refuge, serial_bayou, serial_bayou_shore_b,
          serial_bayou_shore_a, serial_bayou_pond_d, serial_bayou_pond_c
D:3:      serial_aquarium, aquarium_bridge_long_separate, aquarium_window_2,
          aquarium_window_1, aquarium_window_1, aquarium_view_2b,
          aquarium_pool_five
D:4:      grunt_qazlal_sundering
D:5:      minitemple, first_bread
D:6:      minmay_thick_lines, lemuel_doored_altar
Temple:   kb_corrupted_temple

Skill      XL: |  1  2  3  4  5  6  7  8 |
---------------+-------------------------+-----
Shields        | 4 5 |  5.8
Long Blades    | 3 4 5 6 8 |  8.0
Fighting       | 4 |  4.7
Stealth        | 1 |  1.1
Dodging        | 1 |  1.6
Armour         | |  3.2

Action                   |  1- 3 |  4- 6 |  7- 9 || total
-------------------------+-------+-------+-------++-------
Melee: Long sword        |    89 |   258 |   168 ||   515
 Abil: Dig               |       |     5 |       ||     5
  Use: Potion            |       |     3 |     1 ||     4
       Scroll            |       |       |     7 ||     7
  Eat: Chunk             |       |    10 |     6 ||    16
Armor: Scale mail        |    37 |    51 |    41 ||   129
Dodge: Dodged            |    24 |   111 |    66 ||   201
Block: Shield            |    54 |   105 |    70 ||   229
       Rpst.: Long sword |     7 |    39 |    27 ||    73
